 Dungeon Crawl Stone Soup version 0.22-a0-374-g5dfd9e3 (webtiles) character file.

74 zero the Firebug (level 4, -2/33 HPs)
             Began as a Draconian Fire Elementalist on Apr 26, 2018.
             Slain by a quokka (3 damage)
             ... on level 4 of the Dungeon.
             The game lasted 00:03:42 (3147 turns).

zero the Firebug (Draconian Fire Elementalist)      Turns: 3147, Time: 00:03:43

Health: -2/33      AC:  5    Str: 10    XL:     4   Next: 9%
Magic:  6/7        EV: 12    Int: 17    God:
Gold:   198        SH:  0    Dex: 11    Spells: 2/8 levels left

rFire    . . .     SeeInvis .   d - +1 spear
rCold    + . .     Gourm    .   (no shield)
rNeg     . . .     Faith    .   (armour unavailable)
rPois    .         Spirit   .   (helmet restricted)
rElec    .         Reflect  .   (no cloak)
rCorr    .         Harm     .   (no gloves)
MR       .....                  (no boots)
Stlth    ++........             (no amulet)
HPRegen  0.11/turn              h - ring of protection from cold
MPRegen  0.10/turn              (no ring)

@: no status effects
A: unfitting armour, cold-blooded, AC +5
a: no special abilities


You were on level 4 of the Dungeon.
You were not hungry.

You visited 1 branch of the dungeon, and saw 4 of its levels.

You collected 198 gold pieces.

Inventory:

Hand Weapons
 d - a +1 spear (weapon)
Missiles
 g - 104 stones (quivered)
Jewellery
 a - an uncursed ring of wizardry {unknown}
 e - a cursed -4 ring of strength {unknown}
 h - a ring of protection from cold (left hand)
 i - a cursed ring of loudness {unknown}
Wands
 f - a wand of enslavement (5)
Scrolls
 m - 2 scrolls of amnesia
 n - 3 scrolls of magic mapping {unknown}
 o - a scroll of remove curse
 p - 4 scrolls of teleportation
 r - 2 scrolls of identify {unknown}
Potions
 c - 2 potions of brilliance {unknown}
 j - 2 potions of curing {unknown}
 k - a potion of might {unknown}
 l - a potion of mutation {unknown}
 q - a potion of lignification {unknown}
Comestibles
 b - 2 rations


   Skills:
 + Level 2.5 Dodging
 - Level 1.7 Stealth
 + Level 2.5 Spellcasting
 + Level 2.0 Conjurations
 + Level 3.6 Fire Magic


You had 2 spell levels left.
You knew the following spells:

 Your Spells              Type           Power        Failure   Level  Hunger
a - Flame Tongue          Conj/Fire      ##...        6%          1    #......
b - Inner Flame           Hex/Fire       #.......     26%         3    ###....
c - Throw Flame           Conj/Fire      ##....       9%          2    ##.....


Dungeon Overview and Level Annotations

Branches:
Dungeon (4/15)
 Temple: D:4-7

Altars:
Dithmenos


Innate Abilities, Weirdness & Mutations

Your plain brown scales are hard. (AC +5)
You cannot fit into any form of body armour.
You are cold-blooded and may be slowed by cold attacks.


Message History

You are too injured to fight recklessly!
Casting: Flame Tongue (safe; 6% risk of failure)
Confirm with . or Enter, or press ? or * to list all spells.
Aiming: Flame Tongue (safe; 6% risk of failure)
Press: ? - help, Shift-Dir - straight line, f - quokka
Aim: a quokka The flame tongue misses the quokka.
The quokka bites you but does no damage.
The howler monkey hits you!
* * * LOW HITPOINT WARNING * * *
Casting: Flame Tongue (safe; 6% risk of failure)
Confirm with . or Enter, or press ? or * to list all spells.
Aiming: Flame Tongue (safe; 6% risk of failure)
Press: ? - help, Shift-Dir - straight line, f/p - quokka
Aim: a quokka
Okay, then.
The howler monkey hoots and howls with incredible vigour!
You hear an angry hiss.
The quokka bites you.
You die...

.........+..#
#.......#..#
#.......#..#
#.......#..#
#.......+..#
#.......#..#
#.....h.#..#....#######
#.....r.#..#....#......
#.....@.'..#....#......
#.......#..#....#..###'
#.......#..#....#..###.
#.......#..#....#...#..
#.......#..#....#...#..
+.......#..+....'...+..
#.......#..#....##..##.
#...s...#..#.....#####.
#..#.....#.....


You could see a howler monkey, a quokka and a giant cockroach (wandering).

Vanquished Creatures
  An adder (D:3)
  A worm (D:3)
  A dart slug (D:2)
  4 leopard geckos
  2 orcs (D:3)
  5 bats
  6 giant cockroaches
  8 hobgoblins
  3 jackals (D:1)
  2 kobolds
  A quokka (D:3)
  4 frilled lizards
  4 goblins
  7 rats
49 creatures vanquished.

Notes
Turn   | Place    | Note
-------+----------+-------------------------------------------
     0 | D:1      | zero the Draconian Fire Elementalist began the quest for the Orb.
     0 | D:1      | Reached XP level 1. HP: 14/14 MP: 3/3
   301 | D:1      | Reached XP level 2. HP: 20/20 MP: 5/5
  1185 | D:3      | Reached XP level 3. HP: 26/26 MP: 6/6
  1729 | D:3      | Learned a level 3 spell: Inner Flame
  2298 | D:4      | Found a shadowy altar of Dithmenos.
  2488 | D:2      | Reached XP level 4. HP: 27/33 MP: 7/7
  2501 | D:2      | Learned a level 2 spell: Throw Flame
  3144 | D:4      | HP: 1/33 [howler monkey (7)]
  3147 | D:4      | Slain by a quokka

Vault maps used:
D:1:      dpeg_arrival_tiny_d
D:4:      overflow_temple_1_default, first_ration, nicolae_ossuary_entry_ruins,
          uniq_natasha

Skill      XL: |  1  2  3 |
---------------+----------+-----
Dodging        | 2 |  2.5
Conjurations   | 2 |  2.0
Stealth        | |  1.7
Spellcasting   | |  2.5
Fire Magic     | |  3.6

Action                   |  1- 3 |  4- 6 || total
-------------------------+-------+-------++-------
Melee: Spear             |   170 |    23 ||   193
       Unarmed           |     4 |       ||     4
       Tailslap          |    14 |     2 ||    16
 Cast: Flame Tongue      |     7 |     1 ||     8
  Use: Scroll            |     8 |       ||     8
 Stab: Sleeping          |     2 |       ||     2
  Eat: Ration            |     1 |     1 ||     2
       Chunk             |     2 |     1 ||     3
Armor: Skin              |    44 |     7 ||    51
Dodge: Dodged            |   105 |    18 ||   123

Table legend:
 A = Spawn XP
 B = Non-spawn XP
 C = Spawn XP percentage of total XP
 D = Spawn monster count
 E = Non-spawn monster count
 F = Spawn count percentage of total count
 G = Total turns spent on level
                    A         B        C        D         E        F      G
               +---------+---------+-------+---------+---------+-------+---------
         Total |       0 |     106 |   0.0 |       0 |      49 |   0.0 |  3147
               +---------+---------+-------+---------+---------+-------+---------
           D:1 |       0 |      38 |   0.0 |       0 |      21 |   0.0 |  1068
           D:2 |       0 |      23 |   0.0 |       0 |      12 |   0.0 |   826
           D:3 |       0 |      45 |   0.0 |       0 |      16 |   0.0 |  1153
               +---------+---------+-------+---------+---------+-------+---------
